 Dungeon Crawl Stone Soup version 0.26-a0-597-gb535b0901c (webtiles) character file.

Game seed: 17583537976153039530

(classic levelgen) 29 EnegeticOcto the Shield-Bearer (level 3, -1/33 HPs)
             Began as a Deep Dwarf Fighter on Sept 8, 2020.
             Slain by an ogre
             ... wielding a +0 giant club
              (17 damage)
             ... on level 4 of the Dungeon.
             The game lasted 00:00:23 (233 turns).

EnegeticOcto the Shield-Bearer (Deep Dwarf Fighter)  Turns: 233, Time: 00:00:23

Health: -1/33      AC:  8    Str: 20    XL:     3   Next: 1%
Magic:  3/3        EV:  7    Int:  8    God:
Gold:   40         SH:  9    Dex: 12    Spells: 2/2 levels left

rFire    . . .     SeeInvis .   a - +0 war axe
rCold    . . .     Faith    .   c - +0 kite shield
rNeg     . . .     Spirit   .   b - +0 scale mail
rPois    .         Reflect  .   (no helmet)
rElec    .         Harm     .   (no cloak)
rCorr    .                      (no gloves)
MR       .....                  h - +0 pair of boots
Stlth    ..........             (no amulet)
HPRegen  0.00/turn              (no ring)
MPRegen  0.08/turn              (no ring)

@: non-regenerating
A: damage resistance, heal wounds, sense surroundings 1, no regeneration
a: Heal Wounds


You were on level 4 of the Dungeon.
You visited 1 branch of the dungeon, and saw 4 of its levels.

You collected 40 gold pieces.

Inventory:

Hand Weapons
 a - a +0 war axe (weapon)
Armour
 b - a +0 scale mail (worn)
 c - a +0 kite shield (worn)
 h - a +0 pair of boots (worn)
Scrolls
 e - a scroll of identify {unknown}
 f - a scroll of amnesia {unknown}
 g - a scroll of fear {unknown}
 j - a scroll of blinking {unknown}
Potions
 d - a potion of might {@q3}
 i - a potion of brilliance {unknown}
 k - a potion of magic {unknown}


   Skills:
 + Level 2.9 Fighting
 * Level 3.0 Axes
 + Level 3.6 Armour
 + Level 3.6 Shields


You had 2 spell levels left.
You didn't know any spells.
Your spell library was empty.

Dungeon Overview and Level Annotations

Branches:
Dungeon (4/15)
 Temple: D:4-7

Altars:


Innate Abilities, Weirdness & Mutations

You are resistant to damage.
You can heal yourself by infusing magical energy.
You passively map a small area around you.
You do not regenerate.


Message History

No target in view!
No target in view!
No target in view!
No target in view!
No target in view!
No target in view!
No target in view!
Found 6 gold pieces.
i - a grey potion
Found a black potion.
j - a scroll labeled ORRUCI WOAWAO A rat comes into view.
You see here a black potion.
You see here a black potion.
The rat barely misses you.
You barely miss the rat. You block the rat's attack.
You hit the rat.
You kill the rat!
No target in view!
No target in view!
No target in view!
No target in view!
No target in view!
No target in view!
No target in view!
No target in view!
No target in view!
No target in view!
k - a black potion
(D) Dungeon
Where to? (Enter - D:2, ? - help)
An adder comes into view.
An adder is nearby!
You hit the adder.
The adder is moderately wounded.
You block the adder's attack.
You barely miss the adder.
The adder is moderately wounded.
The adder bites you but does no damage. x2; You block the adder's attack.
You barely miss the adder.
The adder is moderately wounded.
You block the adder's attack.
You barely miss the adder.
The adder is moderately wounded.
The adder bites you. The adder barely misses you.
You slash the adder!
You kill the adder!
Your Axes skill increases to level 3!
No target in view!
No target in view!
No target in view!
No target in view!
No target in view!
No target in view!
No target in view!
No target in view!
No target in view!
No target in view!
No target in view!
No target in view!
No target in view!
(D) Dungeon
Where to? (Enter - D:3, ? - help)
You see here 4 stones.
Things that are here:
a +0 dagger; a goblin corpse
Found 14 gold pieces.
There is a stone staircase leading down here.
You climb downwards.
A quokka comes into view.
Found two stone staircases leading down.
There is a stone staircase leading up here.
A quokka is nearby!
You block the quokka's attack.
You slash the quokka!
You kill the quokka!
You have reached level 3!
Your experience leads to an increase in your attributes!
Increase (s)trength, (i)ntelligence, or (d)exterity?
You feel stronger.
(D) Dungeon
Where to? (Enter - D:3, ? - help)
There is a stone staircase leading down here.
You climb downwards.
An adder and an ogre come into view.
The adder hisses angrily.
Found a metallic white potion.
There is a stone staircase leading up here.
There are monsters nearby!
Found a stone staircase leading up.
You hit the ogre.
The ogre is moderately wounded.
The ogre hits you with a +0 giant club!!
Ouch! That really hurt!
You slash the ogre!
The ogre is heavily wounded.
You closely miss the adder. The adder bites you but does no damage.
The ogre hits you with a +0 giant club!!
Ouch! That really hurt!
You die...

.# .# , , ..#
.# .. , * * ..
#.# ... , * #.
..##... , ,
###.#.......
,#........# , ,
, #...<....#* *
,,#........# *
* * #...@....#,
,
...!..SO.......
,
###............
, #............
, , , * ,
#.........#.# ,
..............
###..<.........
, * , ,
#............ ,
* , *


You could see an ogre and an adder.

Vanquished Creatures
  2 adders (D:2)
  A bat (D:1)
  2 giant cockroaches
  A goblin (D:2)
  2 kobolds
  A quokka (D:3)
  A ball python (D:1)
  2 rats
12 creatures vanquished.

Notes
Turn   | Place    | Note
-------+----------+-------------------------------------------
     0 | D:1      | EnegeticOcto the Deep Dwarf Fighter began the quest for the
                  | Orb.
     0 | D:1      | Reached XP level 1. HP: 20/20 MP: 1/1
   177 | D:2      | Reached XP level 2. HP: 27/27 MP: 2/2
   226 | D:3      | Reached XP level 3. HP: 33/33 MP: 3/3
   229 | D:4      | Noticed an ogre
   233 | D:4      | Slain by an ogre

Illustrated notes

Levels and vault maps discovered:
D:1:      tarquinn_simple_flora_water_a, layout_basic
D:2:      layout_rooms, nemelex_dance_club_becter
D:3:      layout_loops_ring, nicolae_ru_path_of_blood
D:4:      layout_rooms, grunt_temple_overflow_open, serial_bayou_pond_b,
          uniq_ijyb

Skill      XL: |  1  2 |
---------------+-------+-----
Axes           | 3 |  3.0
Fighting       | |  2.9
Armour         | |  3.6
Shields        | |  3.6

Action                   || total
-------------------------++-------
Melee: War axe           ||    30
Armor: Scale mail        ||    16
Dodge: Dodged            ||    16
Block: Kite shield       ||    16

Table legend: (Time is in decaauts)
 A = Elapsed time spent in this place.
 B = Non-inter-level travel time spent in this place.
 C = Inter-level travel time spent in this place.
 D = Time resting spent in this place.
 E = Time spent auto-exploring this place.
 F = Levels seen in this place.
 G = Mean time per level.
                   A        B        C        D        E       F      G
               +--------+--------+--------+--------+--------+-----+--------+
         Total |    245 |    195 |     50 |      0 |     98 |   4 |   61.2 |
       Dungeon |    245 |    195 |     50 |      0 |     98 |   4 |   61.2 |
               +--------+--------+--------+--------+--------+-----+--------+

Top non-repeatable levels by time:
     D:1: 167 daAuts
     D:2: 68 daAuts
     D:3: 5 daAuts
     D:4: 4 daAuts
